 Dungeon Crawl Stone Soup version 0.23.2-1-ga50397a (webtiles) character file.

Game seed: 10830950445092789966

89 whitewolfNL the Cudgeler (level 4, -1/40 HPs)
             Began as a Minotaur Berserker on May 15, 2019.
             Was a Believer of Trog.
             Slain by a slave (8 damage)
             ... led by Pikel
             ... on level 4 of the Dungeon.
             The game lasted 00:06:50 (2266 turns).

whitewolfNL the Cudgeler (Minotaur Berserker)       Turns: 2266, Time: 00:06:53

Health: -1/40      AC:  3    Str: 21    XL:     4   Next: 31%
Magic:  3/3        EV: 13    Int:  4    God:    Trog [**....]
Gold:   113        SH:  0    Dex: 11    Spells: 3/3 levels left

rFire    . . .     SeeInvis .   f - +0 flail
rCold    . . .     Gourm    .   (no shield)
rNeg     . . .     Faith    .   b - +0 animal skin
rPois    .         Spirit   .   a - +0 hat
rElec    .         Reflect  .   (no cloak)
rCorr    .         Harm     .   e - +0 pair of gloves
MR       .....                  (no boots)
Stlth    +.........             (no amulet)
HPRegen  0.13/turn              (no ring)
MPRegen  0.08/turn              (no ring)

@: berserk cooldown, slowed, very slow
A: retaliatory headbutt, horns 2
a: Berserk, Trog's Hand, Renounce Religion


You were on level 4 of the Dungeon.
You worshipped Trog.
Trog was pleased with you.
You were very hungry.

You visited 1 branch of the dungeon, and saw 4 of its levels.

You collected 113 gold pieces.

Inventory:

Hand Weapons
 f - a +0 flail (weapon)
 u - a +2 vampiric long sword
Missiles
 g - 76 stones (quivered)
 o - 26 sling bullets
 p - 22 bolts
 t - 7 needles of sleeping
Armour
 a - a +0 hat (worn)
 b - a +0 animal skin (worn)
 e - a +0 pair of gloves (worn)
Scrolls
 d - 5 scrolls of remove curse {unknown}
 i - a scroll of amnesia {unknown}
 j - a scroll of teleportation {unknown}
 m - 2 scrolls of magic mapping {unknown}
 n - a scroll of blinking {unknown}
 q - 3 scrolls of identify {unknown}
Potions
 h - 2 potions of curing {unknown}
 k - a potion of cancellation {unknown}
 r - 2 potions of agility {unknown}
 s - 3 potions of flight {unknown}
Comestibles
 c - 6 rations
 l - 2 chunks of flesh


   Skills:
 * Level 4.1 Fighting
 * Level 4.5 Maces & Flails
 - Level 1.0 Throwing
 + Level 3.0 Armour
 + Level 2.9 Dodging
 - Level 1.0 Stealth


You had 3 spell levels left.
You didn't know any spells.
Your spell library was empty.

Dungeon Overview and Level Annotations

Branches:
Dungeon (4/15)
 Temple: D:4-7

Altars:
Elyvilon
Yredelemnul

Annotations:
D:4 Pikel


Innate Abilities, Weirdness & Mutations

You reflexively headbutt those who attack you in melee.
You have a pair of horns on your head.


Message History

The slave is lightly wounded.
The slave misses you.
Pikel hits you with a +2 whip of flaming.
Pikel burns you. The slave closely misses you. The slave barely misses you.
You hit the slave. You headbutt the slave.
You kill the slave!
That felt strangely unrewarding.
Pikel hits you with a +2 whip of flaming.
Pikel burns you. The slave barely misses you. The slave closely misses you.
You furiously retaliate!
You headbutt the slave. Pikel waves his whip at you. Pikel closely misses you.
The slave hits you. x2
You closely miss the slave. Your headbutt misses the slave.
Pikel barely misses you. The slave hits you! The slave closely misses you.
Pikel hits you with a +2 whip of flaming.
* * * LOW HITPOINT WARNING * * *
Pikel burns you.
* * * LOW HITPOINT WARNING * * *
The slave hits you!
You die...

.## .. .. .
...# # #.
.(.#.#
#.#####....
#...#....###.
#.#.#pp......
#....@[......
#.##K##[#####
#.##<# #....#
###..# #..#
...# ##.##
#.#


You could see Pikel and 2 slaves.

Vanquished Creatures
  2 slaves (D:4)
  A gnoll (D:1)
  2 adders
  A worm (D:2)
  A dart slug (D:3)
  3 leopard geckos (D:2)
  5 bats
  A giant cockroach (D:1)
  7 goblins
  4 hobgoblins
  7 jackals
  4 kobolds
  A quokka (D:2)
  4 ball pythons
  3 frilled lizards
  4 rats
50 creatures vanquished.

Notes
Turn   | Place    | Note
-------+----------+-------------------------------------------
     0 | D:1      | whitewolfNL the Minotaur Berserker began the quest for the
                  | Orb.
     0 | D:1      | Reached XP level 1. HP: 19/19 MP: 0/0
    78 | D:1      | Reached XP level 2. HP: 26/27 MP: 1/1
   376 | D:1      | Reached skill level 1 in Throwing
   376 | D:1      | Reached XP level 3. HP: 33/33 MP: 2/2
   848 | D:2      | Reached skill level 1 in Stealth
  1072 | D:2      | Reached ** piety under Trog
  1615 | D:2      | Found a basalt altar of Yredelemnul.
  1674 | D:3      | Found a white marble altar of Elyvilon.
  1677 | D:3      | Reached XP level 4. HP: 40/40 MP: 3/3
  2093 | D:3      | Found a faded altar of an unknown god.
  2251 | D:4      | Noticed Pikel
  2251 | D:4      | Noticed a slave
  2251 | D:4      | Noticed a slave
  2251 | D:4      | Noticed a slave
  2252 | D:4      | Noticed a slave
  2254 | D:4      | Killed a slave
  2265 | D:4      | Killed a slave
  2266 | D:4      | Slain by a slave

Skill      XL: |  1  2  3  4 |
---------------+-------------+-----
Maces & Flails | 4 |  4.5
Throwing       | 1 |  1.0
Stealth        | 1 |  1.0
Armour         | 3 |  3.0
Fighting       | 4 |  4.1
Dodging        | |  2.9

Action                   |  1- 3 |  4- 6 || total
-------------------------+-------+-------++-------
Melee: Mace              |     9 |       ||     9
       Headbutt          |     6 |     6 ||    12
       Flail             |    71 |    32 ||   103
Invok: Berserk           |     2 |     1 ||     3
  Eat: Chunk             |     4 |     2 ||     6
Armor: Animal skin       |    17 |     8 ||    25
Dodge: Dodged            |    59 |    31 ||    90
